 Dungeon Crawl Stone Soup version 0.25-a0-98-g0cf78c2f83 (console) character file.

Game seed: 7121879919566146537, levelgen mode: deterministic

238 Kagalorn the Magician (level 6, -6/44 HPs)
             Began as a Gnoll Wizard on Nov 13, 2019.
             Mangled by Purgy (9 damage)
             ... in a sewer.
             The game lasted 00:11:56 (3481 turns).

Kagalorn the Magician (Gnoll Wizard)                Turns: 3481, Time: 00:11:57

Health: -6/44      AC:  3    Str:  9    XL:     6   Next: 7%
Magic:  10/16      EV: 15    Int: 22    God:
Gold:   171        SH:  0    Dex: 14    Spells: 10/19 levels left

rFire    . . .     SeeInvis .   r - +2 falchion (slice)
rCold    . . .     Gourm    .   (no shield)
rNeg     . . .     Faith    .   e - +0 robe
rPois    .         Spirit   .   p - +0 helmet
rElec    .         Reflect  .   (no cloak)
rCorr    .         Harm     .   (no gloves)
MR       .....                  (no boots)
Stlth    +++.......             (no amulet)
HPRegen  0.14/turn              (no ring)
MPRegen  0.15/turn              (no ring)

@: no status effects
A: distributed training, fangs 1, strong nose
a: no special abilities


You were in a sewer.
You were not hungry.

You visited 1 branch of the dungeon, and saw 4 of its levels.
You also visited: Sewer.

You collected 171 gold pieces.

Inventory:

Hand Weapons
 a - a +0 dagger
 l - a +0 hunting sling
 q - a cursed -1 short sword
 r - a +2 falchion of slicing (weapon)
Missiles
 c - 186 stones (quivered)
 j - 12 sling bullets
 m - 23 poisoned darts
 s - 28 bolts
 u - 31 arrows
Armour
 b - a +0 hat
 e - a +0 robe (worn)
 o - a +0 scale mail
 p - a +0 helmet (worn)
Magical Staves
 v - an uncursed staff of summoning {unknown}
Jewellery
 k - a cursed ring of positive energy {unknown}
Scrolls
 f - 5 scrolls of identify {unknown}
 i - 4 scrolls of enchant armour {unknown}
 t - 2 scrolls of remove curse {unknown}
 w - a scroll of immolation {unknown}
Potions
 g - a potion of lignification
 h - a potion of heal wounds {unknown}
 n - a potion of curing
 x - a potion of degeneration {unknown}
Comestibles
 d - 8 rations


   Skills:
 + Level 1.7 Fighting
 + Level 1.7 Short Blades
 + Level 1.7 Long Blades
 + Level 1.7 Axes
 + Level 1.7 Maces & Flails
 + Level 1.7 Polearms
 + Level 1.7 Staves
 + Level 1.7 Slings
 + Level 1.7 Bows
 + Level 1.7 Crossbows
 + Level 1.7 Throwing
 + Level 1.7 Armour
 + Level 4.9 Dodging
 + Level 4.5 Stealth
 + Level 1.7 Shields
 + Level 1.7 Unarmed Combat
 + Level 7.3 Spellcasting
 + Level 2.5 Conjurations
 + Level 1.3 Hexes
 + Level 1.3 Charms
 + Level 2.5 Summonings
 + Level 1.3 Necromancy
 + Level 2.5 Translocations
 + Level 1.3 Transmutations
 + Level 1.3 Fire Magic
 + Level 1.3 Ice Magic
 + Level 1.3 Air Magic
 + Level 1.3 Earth Magic
 + Level 1.3 Poison Magic
 + Level 2.0 Invocations
 + Level 1.7 Evocations


You had 10 spell levels left.
You knew the following spells:

 Your Spells              Type           Power        Failure   Level  Hunger
a - Magic Dart            Conj           ###.         2%          1    None
c - Conjure Flame         Conj/Fire      ###.....     11%         3    None
e - Mephitic Cloud        Conj/Pois/Air  ###.....     12%         3    None
g - Blink                 Tloc           N/A          4%          2    None

Your spell library contained the following spells:

 Spells                   Type           Power        Failure   Level  Hunger
 Call Imp                 Summ           ###.....     4%          2    None
 Slow                     Hex            ##......     7%          2    None


Dungeon Overview and Level Annotations

Branches:
Dungeon (4/15)              Sewer (1/1)
 Temple: D:4-7

Altars:
Nemelex Xobeh

Annotations:
Sewer Purgy


Innate Abilities, Weirdness & Mutations

Your experience applies equally to all skills.
You have very sharp teeth.
Your uncanny sense of smell can sniff out nearby items.


Message History

You closely miss Purgy.
Purgy is moderately wounded.
Purgy bites you but does no damage. Purgy claws you but does no damage.
Purgy barely misses you.
You hit Purgy.
Purgy is heavily wounded.
You feel less wooden.
Your +0 helmet unmelds from your body.
Your +0 robe unmelds from your body.
Purgy bites you.
* * * LOW HITPOINT WARNING * * *
Purgy completely misses you. Purgy barely misses you.
Casting: Mephitic Cloud (safe; 12% risk of failure)
Confirm with . or Enter, or press ? or * to list all spells.
Aiming: Mephitic Cloud (safe; 12% risk of failure)
Press: ? - help, Shift-Dir - straight line The ball explodes into a vile cloud!
The stinking cloud engulfs Purgy but does no damage.
Purgy is heavily wounded.
Purgy bites you!
You die...

##≈≈≈≈≈≈≈≈≈≈≈≈≈≈≈≈≈≈≈
##≈≈≈≈≈≈≈≈≈≈≈≈≈≈≈≈≈≈≈≈
##≈≈≈≈≈≈≈≈≈≈≈.≈≈.≈≈≈≈≈≈
#≈≈≈≈≈≈≈≈≈≈.≈#.##.≈≈≈≈≈
##≈≈≈≈≈≈≈≈≈≈##### #.≈≈≈
#≈≈≈≈≈≈≈≈..≈# #≈.
#≈≈≈≈≈≈≈≈#### #
#≈≈≈≈≈≈≈## #≈≈≈≈≈≈@#
#≈≈≈≈○≈T# ##≈≈≈○☼☼##
#≈≈≈≈○§..# ∆∆
≈≈≈≈≈≈≈≈≈## ∆
≈≈≈≈≈≈≈≈≈∩# ∆∆∆
≈≈≈≈≈≈≈≈≈∩# ≈≈≈≈≈≈≈≈≈##
#≈≈≈≈≈≈.##


You could see Purgy.

Vanquished Creatures
  Natasha (thrice) (D:2)
  A worker ant (D:4)
  Robin (D:2)
  3 adders
  3 oozes
  An adder skeleton (D:3)
  A worm (D:2)
  2 dart slugs
  A leopard gecko (D:3)
  4 bats
  2 giant cockroaches (D:3)
  18 goblins
  10 hobgoblins
  4 jackals (D:2)
  4 kobolds
  2 quokkas
  5 ball pythons
  7 frilled lizards
  6 rats
78 creatures vanquished.

Notes
Turn   | Place    | Note
-------+----------+-------------------------------------------
     0 | D:1      | Kagalorn the Gnoll Wizard began the quest for the Orb.
     0 | D:1      | Reached XP level 1. HP: 13/13 MP: 8/8
    54 | D:1      | Reached XP level 2. HP: 19/19 MP: 5/10
   319 | D:1      | Reached XP level 3. HP: 18/25 MP: 1/11
   795 | D:2      | Noticed Natasha
   802 | D:2      | Killed Natasha
   802 | D:2      | Reached skill level 1 in Fighting
   802 | D:2      | Reached skill level 1 in Short Blades
   802 | D:2      | Reached skill level 1 in Long Blades
   802 | D:2      | Reached skill level 1 in Axes
   802 | D:2      | Reached skill level 1 in Maces & Flails
   802 | D:2      | Reached skill level 1 in Polearms
   802 | D:2      | Reached skill level 1 in Staves
   802 | D:2      | Reached skill level 1 in Slings
   802 | D:2      | Reached skill level 1 in Bows
   802 | D:2      | Reached skill level 1 in Crossbows
   802 | D:2      | Reached skill level 1 in Throwing
   802 | D:2      | Reached skill level 1 in Armour
   802 | D:2      | Reached skill level 1 in Shields
   802 | D:2      | Reached skill level 1 in Unarmed Combat
   802 | D:2      | Reached skill level 1 in Invocations
   802 | D:2      | Reached skill level 1 in Evocations
   802 | D:2      | Reached XP level 4. HP: 27/32 MP: 4/13
  1276 | D:2      | Noticed Natasha
  1284 | D:2      | Killed Natasha
  1284 | D:2      | Reached skill level 1 in Hexes
  1284 | D:2      | Reached skill level 1 in Charms
  1284 | D:2      | Reached skill level 1 in Necromancy
  1284 | D:2      | Reached skill level 1 in Transmutations
  1284 | D:2      | Reached skill level 1 in Fire Magic
  1284 | D:2      | Reached skill level 1 in Ice Magic
  1284 | D:2      | Reached skill level 1 in Air Magic
  1284 | D:2      | Reached skill level 1 in Earth Magic
  1284 | D:2      | Reached skill level 1 in Poison Magic
  1348 | D:2      | Reached XP level 5. HP: 34/37 MP: 4/14
  1422 | D:2      | Noticed Natasha
  1426 | D:2      | Killed Natasha
  1520 | D:2      | Noticed Robin
  1900 | D:2      | Learned a level 2 spell: Blink
  1904 | D:2      | Learned a level 3 spell: Conjure Flame
  1908 | D:2      | Learned a level 3 spell: Mephitic Cloud
  1963 | D:2      | Killed Robin
  3030 | D:3      | Found a sparkling altar of Nemelex Xobeh.
  3116 | D:4      | Found a glowing drain.
  3134 | D:4      | Reached XP level 6. HP: 8/44 MP: 0/16
  3398 | Sewer    | Entered a sewer
  3415 | Sewer    | Noticed Purgy
  3473 | Sewer    | HP: 3/66 [Purgy (4)]
  3481 | Sewer    | Mangled by Purgy

Levels and vault maps discovered:
D:1:      erik_arrival_gehennom, layout_loops_ring
D:2:      layout_loops_ring, first_ration, minmay_misc_feat_plants, uniq_robin,
          uniq_natasha
D:3:      layout_loops_ring, marbit_many_paths, grunt_decor_mini_mirrors,
          minmay_misc_feat_rows
D:4:      layout_rooms, cheibrodos_sewer_entry_sluice
Sewer:    sewer_co_purgy_island

Skill      XL: |  1  2  3  4  5  6 |
---------------+-------------------+-----
Conjurations   | 2 |  2.5
Summonings     | 2 |  2.5
Translocations | 2 |  2.5
Fighting       | 1 |  1.7
Short Blades   | 1 |  1.7
Long Blades    | 1 |  1.7
Axes           | 1 |  1.7
Maces & Flails | 1 |  1.7
Polearms       | 1 |  1.7
Staves         | 1 |  1.7
Slings         | 1 |  1.7
Bows           | 1 |  1.7
Crossbows      | 1 |  1.7
Throwing       | 1 |  1.7
Armour         | 1 |  1.7
Shields        | 1 |  1.7
Unarmed Combat | 1 |  1.7
Invocations    | 1 2 |  2.0
Evocations     | 1 |  1.7
Hexes          | 1 |  1.3
Charms         | 1 |  1.3
Necromancy     | 1 |  1.3
Transmutations | 1 |  1.3
Fire Magic     | 1 |  1.3
Ice Magic      | 1 |  1.3
Air Magic      | 1 |  1.3
Earth Magic    | 1 |  1.3
Poison Magic   | 1 |  1.3
Dodging        | |  4.9
Stealth        | |  4.5
Spellcasting   | |  7.3

Action                   |  1- 3 |  4- 6 || total
-------------------------+-------+-------++-------
Melee: Dagger            |       |     9 ||     9
       Bite              |       |     2 ||     2
       Falchion          |       |    21 ||    21
 Cast: Magic Dart        |    61 |   134 ||   195
       Mephitic Cloud    |       |     5 ||     5
       Conjure Flame     |       |     1 ||     1
  Use: Potion            |       |     2 ||     2
  Eat: Ration            |       |     1 ||     1
       Chunk             |       |     4 ||     4
Armor: Robe              |     1 |    25 ||    26
       Skin              |       |    52 ||    52
Dodge: Dodged            |     8 |    67 ||    75
       Rpst.: Falchion   |       |     5 ||     5

Table legend:
 A = Non-vault XP
 B = Vault XP
 C = Vault XP percentage of total XP
 D = Non-vault monster count
 E = Vault monster count
 F = Vault count percentage of total count
                 A         B        C        D         E       F
            +---------+---------+-------+---------+---------+-------
      Total |     240 |     100 |  29.4 |      52 |      26 |  33.3
            +---------+---------+-------+---------+---------+-------
        D:1 |      30 |      19 |  38.8 |      19 |       5 |  20.8
        D:2 |     114 |      73 |  39.0 |      14 |      14 |  50.0
        D:3 |      60 |       2 |   3.2 |      17 |       1 |   5.6
        D:4 |      36 |       3 |   7.7 |       2 |       3 |  60.0
      Sewer |       0 |       3 | 100.0 |       0 |       3 | 100.0
            +---------+---------+-------+---------+---------+-------
